[ PARTIDA AOE2 · #476926930 ]
Team RMPersas vs Wu
[ ANÁLISIS DE REPETICIÓN · EXTRAÍDO DE LA PARTIDA GRABADA ]
Feudal
8:59
Castillos
22:18
Imperial
—
| APM promedio | 29.0 |
| APM pico | 55 |
| eAPM promedio | 13.8 |
| Aldeanos / militares | 49 / 24 |
Foco
⚔️ 28.1% · 🌾 71.9%
Knight ×17 · Scout Cavalry ×7
Feudal
11:56
Castillos
23:08
Imperial
—
| APM promedio | 14.7 |
| APM pico | 25 |
| eAPM promedio | 10.5 |
| Aldeanos / militares | 49 / 12 |
Foco
⚔️ 20.6% · 🌾 79.4%
Scout Cavalry ×6 · Knight ×5 · Spearman ×1
Feudal
11:32
Castillos
—
Imperial
—
| APM promedio | 30.6 |
| APM pico | 66 |
| eAPM promedio | 11.7 |
| Aldeanos / militares | 48 / 38 |
Foco
⚔️ 28.1% · 🌾 71.9%
Archer ×38
Feudal
11:58
Castillos
—
Imperial
—
| APM promedio | 59.1 |
| APM pico | 90 |
| eAPM promedio | 33.2 |
| Aldeanos / militares | 37 / 14 |
Foco
⚔️ 7.1% · 🌾 92.9%
Militia ×8 · Spearman ×6
Feudal
11:59
Castillos
—
Imperial
—
| APM promedio | 19.6 |
| APM pico | 45 |
| eAPM promedio | 10.5 |
| Aldeanos / militares | 49 / 21 |
Foco
⚔️ 23.1% · 🌾 76.9%
Serjeant ×19 · Spearman ×2
Feudal
11:42
Castillos
15:38
Imperial
—
| APM promedio | 18.8 |
| APM pico | 44 |
| eAPM promedio | 10.9 |
| Aldeanos / militares | 55 / 1 |
Foco
⚔️ 17.2% · 🌾 82.8%
Unknown (1944) ×4 · Unknown (1968) ×3 · Battering Ram ×1
Feudal
11:02
Castillos
23:34
Imperial
—
| APM promedio | 37.6 |
| APM pico | 62 |
| eAPM promedio | 15.8 |
| Aldeanos / militares | 25 / 23 |
Foco
⚔️ 25.4% · 🌾 74.6%
Archer ×17 · Militia ×6
Feudal
—
Castillos
—
Imperial
—
| APM promedio | 35.6 |
| APM pico | 99 |
| eAPM promedio | 11.5 |
| Aldeanos / militares | 51 / 22 |
Foco
⚔️ 24.9% · 🌾 75.1%
Archer ×17 · Spearman ×3 · Militia ×2
Mapa de la partida
Recursos al inicio + cada clic de construcción. Línea gruesa = muro · recuadro discontinuo = muro de casas detectado. 🟡 oro · ⚪ piedra · 🟢 bayas · 🔶 jabalí · ⭕ reliquia
Inputs por minuto
— HellHammer - - wchen111002
Build order — HellHammer
149 acciones detectadas en el replay
| 0:03 | Crear | Villager (Male) |
| 0:04 | Construir | House |
| 0:06 | Construir | House |
| 0:16 | Crear | Villager (Male) |
| 0:45 | Crear | Villager (Male) |
| 1:13 | Crear | Villager (Male) |
| 1:14 | Crear | Villager (Male) |
| 1:30 | Crear | Villager (Male) |
| 1:30 | Crear | Villager (Male) |
| 1:43 | Construir | Lumber Camp |
| 2:05 | Crear | Villager (Male) |
| 2:25 | Crear | Villager (Male) |
| 2:55 | Crear | Villager (Male) |
| 3:24 | Construir | House |
| 3:27 | Crear | Villager (Male) |
| 4:01 | Crear | Villager (Male) |
| 4:10 | Crear | Villager (Male) |
| 4:31 | Construir | Mill |
| 4:44 | Crear | Villager (Male) |
| 5:12 | Crear | Villager (Male) |
| 5:19 | Crear | Villager (Male) |
| 5:22 | Construir | House |
| 5:53 | Crear | Villager (Male) |
| 6:07 | Crear | Villager (Male) |
| 6:27 | Investigar | Loom |
| 6:55 | Investigar | Feudal Age |
| 8:09 | Construir | House |
| 8:55 | Crear | Villager (Male) |
| 8:59 | Edad | Edad Feudal |
| 9:01 | Construir | Stable |
| 9:02 | Investigar | Double-Bit Axe |
| 9:06 | Crear | Villager (Male) |
| 9:16 | Construir | Blacksmith |
| 9:23 | Crear | Villager (Male) |
| 9:49 | Crear | Scout Cavalry |
| 9:49 | Crear | Scout Cavalry |
| 9:49 | Crear | Scout Cavalry |
| 9:57 | Construir | Palisade Wall |
| 10:00 | Construir | Palisade Wall |
| 10:09 | Crear | Villager (Male) |
| 10:19 | Construir | Palisade Wall |
| 10:25 | Construir | Palisade Wall |
| 10:47 | Crear | Villager (Male) |
| 10:52 | Construir | Palisade Wall |
| 10:56 | Crear | Scout Cavalry |
| 11:13 | Construir | House |
| 11:21 | Crear | Villager (Male) |
| 11:23 | Construir | Farm |
| 11:26 | Construir | Farm |
| 11:27 | Construir | Farm |
| 11:38 | Construir | Palisade Wall |
| 11:45 | Crear | Villager (Male) |
| 12:10 | Construir | Farm |
| 12:11 | Construir | Farm |
| 12:11 | Crear | Villager (Male) |
| 12:18 | Construir | House |
| 12:33 | Construir | House |
| 12:38 | Crear | Villager (Male) |
| 12:40 | Construir | Farm |
| 12:43 | Construir | Farm |
| 12:43 | Crear | Villager (Male) |
| 13:01 | Construir | Farm |
| 13:03 | Construir | Farm |
| 13:04 | Crear | Villager (Male) |
| 13:08 | Construir | House |
| 13:11 | Construir | Farm |
| 13:32 | Investigar | Forging |
| 13:38 | Crear | Villager (Male) |
| 13:43 | Construir | Farm |
| 13:59 | Crear | Villager (Male) |
| 14:19 | Crear | Villager (Male) |
| 14:23 | Construir | Farm |
| 14:33 | Crear | Villager (Male) |
| 14:44 | Crear | Villager (Male) |
| 14:49 | Construir | Lumber Camp |
| 14:57 | Crear | Villager (Male) |
| 14:58 | Crear | Scout Cavalry |
| 15:09 | Construir | Farm |
| 15:10 | Construir | Farm |
| 15:13 | Construir | Farm |
| 15:15 | Construir | Farm |
| 15:16 | Crear | Villager (Male) |
| 15:22 | Construir | Farm |
| 15:38 | Construir | House |
| 15:42 | Construir | Building 804 |
| 15:53 | Construir | Palisade Gate |
| 16:01 | Crear | Villager (Male) |
| 16:02 | Crear | Villager (Male) |
| 16:13 | Crear | Scout Cavalry |
| 16:14 | Crear | Scout Cavalry |
| 16:21 | Construir | Farm |
| 16:23 | Construir | Farm |
| 16:25 | Construir | Farm |
| 16:28 | Construir | Farm |
| 16:36 | Construir | Mining Camp |
| 16:47 | Construir | Palisade Wall |
| 16:54 | Construir | Palisade Wall |
| 16:54 | Crear | Villager (Male) |
| 17:00 | Crear | Villager (Male) |
| 17:00 | Crear | Villager (Male) |
| 17:24 | Crear | Villager (Male) |
| 17:25 | Investigar | Wheelbarrow |
| 17:33 | Construir | Market |
| 17:57 | Construir | Palisade Wall |
| 18:11 | Construir | Stable |
| 18:45 | Construir | Building 804 |
| 18:50 | Construir | House |
| 19:05 | Construir | House |
| 19:11 | Crear | Villager (Male) |
| 19:14 | Investigar | Horse Collar |
| 19:21 | Construir | House |
| 19:21 | Construir | House |
| 19:49 | Construir | Palisade Gate |
| 19:53 | Investigar | Castle Age |
| 20:15 | Investigar | Town Watch |
| 20:20 | Investigar | Gold Mining |
| 20:46 | Investigar | Bloodlines |
| 21:09 | Investigar | Scale Barding Armor |
| 21:31 | Construir | Stable |
| 21:35 | Crear | Villager (Male) |
| 21:35 | Crear | Villager (Male) |
| 22:18 | Edad | Edad de los Castillos |
| 22:19 | Crear | Knight |
| 22:20 | Crear | Knight |
| 22:20 | Crear | Knight |
| 22:20 | Crear | Knight |
| 22:20 | Crear | Knight |
| 22:21 | Crear | Knight |
| 22:27 | Investigar | Bow Saw |
| 22:32 | Crear | Knight |
| 22:33 | Crear | Knight |
| 22:52 | Construir | House |
| 22:55 | Crear | Knight |
| 22:55 | Crear | Knight |
| 23:08 | Crear | Villager (Male) |
| 23:11 | Crear | Knight |
| 23:11 | Crear | Knight |
| 23:14 | Construir | House |
| 23:32 | Investigar | Heavy Plow |
| 23:33 | Crear | Knight |
| 23:41 | Construir | Palisade Wall |
| 23:49 | Crear | Knight |
| 23:50 | Crear | Knight |
| 24:04 | Crear | Villager (Male) |
| 24:09 | Construir | Town Center |
| 24:11 | Crear | Knight |
| 24:11 | Crear | Knight |
| 24:23 | Crear | Villager (Male) |
| 24:37 | Crear | Villager (Male) |
Build order — wchen111002
137 acciones detectadas en el replay
| 0:03 | Crear | Villager (Male) |
| 0:05 | Construir | House |
| 0:09 | Construir | House |
| 0:13 | Crear | Villager (Male) |
| 0:14 | Crear | Villager (Male) |
| 0:14 | Crear | Villager (Male) |
| 0:14 | Crear | Villager (Male) |
| 1:29 | Crear | Villager (Male) |
| 1:29 | Crear | Villager (Male) |
| 2:06 | Crear | Villager (Male) |
| 2:06 | Crear | Villager (Male) |
| 2:06 | Crear | Villager (Male) |
| 2:06 | Crear | Villager (Male) |
| 2:12 | Construir | Lumber Camp |
| 2:23 | Crear | Villager (Male) |
| 2:59 | Crear | Villager (Male) |
| 2:59 | Crear | Villager (Male) |
| 3:14 | Crear | Villager (Male) |
| 3:47 | Crear | Villager (Male) |
| 3:56 | Construir | House |
| 4:32 | Crear | Villager (Male) |
| 4:32 | Crear | Villager (Male) |
| 5:00 | Crear | Villager (Male) |
| 5:00 | Crear | Villager (Male) |
| 5:21 | Crear | Villager (Male) |
| 5:21 | Crear | Villager (Male) |
| 5:28 | Construir | House |
| 6:02 | Crear | Villager (Male) |
| 6:22 | Crear | Villager (Male) |
| 6:47 | Crear | Villager (Male) |
| 7:14 | Investigar | Loom |
| 7:52 | Construir | Mill |
| 8:03 | Crear | Villager (Male) |
| 8:31 | Investigar | Wheelbarrow |
| 8:49 | Construir | House |
| 9:18 | Investigar | Feudal Age |
| 9:18 | Investigar | Feudal Age |
| 9:24 | Construir | Farm |
| 9:25 | Construir | Farm |
| 9:27 | Construir | Farm |
| 9:28 | Construir | Farm |
| 9:37 | Construir | House |
| 9:40 | Construir | House |
| 9:45 | Investigar | Double-Bit Axe |
| 9:57 | Construir | Farm |
| 10:13 | Crear | Villager (Male) |
| 10:34 | Construir | Palisade Wall |
| 10:42 | Construir | Palisade Wall |
| 10:57 | Crear | Villager (Male) |
| 11:30 | Construir | Palisade Wall |
| 11:33 | Construir | Palisade Wall |
| 11:43 | Construir | Palisade Wall |
| 11:47 | Construir | Palisade Wall |
| 11:53 | Crear | Villager (Male) |
| 11:56 | Edad | Edad Feudal |
| 12:02 | Construir | Stable |
| 12:05 | Construir | Farm |
| 12:08 | Construir | Farm |
| 12:17 | Construir | House |
| 12:21 | Crear | Spearman |
| 12:24 | Crear | Villager (Male) |
| 12:38 | Investigar | Horse Collar |
| 12:42 | Crear | Villager (Male) |
| 12:48 | Crear | Villager (Male) |
| 13:03 | Construir | House |
| 13:08 | Construir | House |
| 13:17 | Construir | Palisade Wall |
| 13:22 | Crear | Scout Cavalry |
| 13:23 | Crear | Scout Cavalry |
| 13:34 | Construir | Palisade Wall |
| 13:47 | Construir | Blacksmith |
| 13:55 | Construir | Palisade Wall |
| 14:02 | Crear | Villager (Male) |
| 14:05 | Crear | Scout Cavalry |
| 14:24 | Crear | Scout Cavalry |
| 14:26 | Crear | Villager (Male) |
| 14:31 | Construir | Farm |
| 14:39 | Construir | Farm |
| 14:40 | Construir | Farm |
| 15:01 | Crear | Villager (Male) |
| 15:04 | Crear | Scout Cavalry |
| 15:06 | Investigar | Forging |
| 15:12 | Investigar | Bow Saw |
| 15:17 | Construir | Farm |
| 15:21 | Construir | Farm |
| 15:41 | Construir | Palisade Wall |
| 15:47 | Construir | Building 800 |
| 15:54 | Construir | House |
| 15:58 | Crear | Scout Cavalry |
| 15:59 | Crear | Villager (Male) |
| 16:09 | Construir | Farm |
| 16:15 | Crear | Villager (Male) |
| 16:27 | Construir | Mining Camp |
| 16:47 | Construir | Mining Camp |
| 16:52 | Construir | Farm |
| 16:54 | Construir | Farm |
| 16:55 | Crear | Villager (Male) |
| 17:16 | Crear | Villager (Male) |
| 17:18 | Construir | Farm |
| 17:26 | Construir | Farm |
| 17:27 | Construir | Farm |
| 17:28 | Construir | Farm |
| 17:31 | Construir | Farm |
| 17:48 | Crear | Villager (Male) |
| 17:49 | Crear | Villager (Male) |
| 18:08 | Crear | Villager (Male) |
| 19:08 | Construir | Farm |
| 19:14 | Investigar | Scale Barding Armor |
| 19:17 | Crear | Villager (Male) |
| 19:20 | Crear | Villager (Male) |
| 19:39 | Construir | Lumber Camp |
| 19:54 | Construir | Market |
| 20:28 | Investigar | Castle Age |
| 21:29 | Construir | Stable |
| 21:36 | Construir | Stable |
| 21:46 | Investigar | Gold Mining |
| 22:09 | Investigar | Heavy Plow |
| 22:09 | Investigar | Heavy Plow |
| 22:13 | Crear | Villager (Male) |
| 22:19 | Crear | Villager (Male) |
| 22:23 | Construir | House |
| 22:25 | Construir | House |
| 22:32 | Construir | House |
| 23:08 | Edad | Edad de los Castillos |
| 23:10 | Crear | Knight |
| 23:11 | Crear | Knight |
| 23:13 | Investigar | Cavalier (upgrade) |
| 23:16 | Investigar | Chain Barding Armor |
| 23:19 | Crear | Villager (Male) |
| 23:54 | Construir | Town Center |
| 24:01 | Crear | Villager (Male) |
| 24:01 | Crear | Villager (Male) |
| 24:05 | Crear | Knight |
| 24:05 | Crear | Knight |
| 24:10 | Construir | House |
| 24:12 | Construir | House |
| 24:47 | Crear | Knight |
Build order — SpaceAgeRowBoat
147 acciones detectadas en el replay
| 0:01 | Crear | Villager (Male) |
| 0:02 | Crear | Villager (Male) |
| 0:03 | Construir | House |
| 0:04 | Construir | House |
| 0:12 | Crear | Villager (Male) |
| 0:12 | Crear | Villager (Male) |
| 1:28 | Crear | Villager (Male) |
| 1:57 | Crear | Villager (Male) |
| 1:57 | Crear | Villager (Male) |
| 2:01 | Construir | Lumber Camp |
| 2:14 | Crear | Villager (Male) |
| 2:52 | Crear | Villager (Male) |
| 3:24 | Crear | Villager (Male) |
| 3:36 | Construir | House |
| 3:39 | Crear | Villager (Male) |
| 3:50 | Crear | Villager (Male) |
| 3:50 | Crear | Villager (Male) |
| 4:36 | Crear | Villager (Male) |
| 4:44 | Construir | House |
| 5:26 | Crear | Villager (Male) |
| 5:40 | Construir | Palisade Wall |
| 5:43 | Crear | Villager (Male) |
| 6:12 | Construir | Mill |
| 6:15 | Crear | Villager (Male) |
| 6:23 | Construir | Palisade Wall |
| 6:39 | Crear | Villager (Male) |
| 6:40 | Crear | Villager (Male) |
| 6:54 | Crear | Villager (Male) |
| 7:00 | Investigar | Loom |
| 7:08 | Crear | Villager (Male) |
| 7:41 | Construir | Palisade Wall |
| 7:42 | Crear | Villager (Male) |
| 8:45 | Crear | Villager (Male) |
| 9:01 | Construir | House |
| 9:18 | Crear | Villager (Male) |
| 9:21 | Investigar | Feudal Age |
| 9:21 | Investigar | Feudal Age |
| 9:32 | Construir | House |
| 9:50 | Crear | Villager (Male) |
| 9:56 | Construir | Palisade Wall |
| 10:05 | Construir | Lumber Camp |
| 10:11 | Crear | Villager (Male) |
| 10:49 | Construir | House |
| 11:07 | Construir | Mining Camp |
| 11:32 | Edad | Edad Feudal |
| 11:35 | Construir | Archery Range |
| 11:45 | Construir | Blacksmith |
| 11:46 | Crear | Villager (Male) |
| 12:09 | Construir | Palisade Wall |
| 12:19 | Construir | Archery Range |
| 12:24 | Crear | Villager (Male) |
| 12:24 | Crear | Villager (Male) |
| 12:29 | Construir | Farm |
| 12:32 | Construir | Farm |
| 12:41 | Construir | Palisade Wall |
| 12:42 | Crear | Villager (Male) |
| 12:43 | Crear | Villager (Male) |
| 12:48 | Crear | Archer |
| 12:48 | Crear | Archer |
| 13:00 | Crear | Villager (Male) |
| 13:12 | Crear | Villager (Male) |
| 13:15 | Construir | Farm |
| 13:27 | Construir | Palisade Wall |
| 13:31 | Construir | Farm |
| 13:36 | Investigar | Double-Bit Axe |
| 13:40 | Crear | Archer |
| 13:40 | Crear | Archer |
| 13:55 | Construir | House |
| 14:22 | Crear | Villager (Male) |
| 14:32 | Construir | House |
| 14:37 | Construir | Palisade Wall |
| 14:39 | Crear | Villager (Male) |
| 14:39 | Crear | Villager (Male) |
| 14:54 | Crear | Archer |
| 14:57 | Crear | Archer |
| 15:06 | Investigar | Gold Mining |
| 15:12 | Crear | Villager (Male) |
| 15:33 | Investigar | Fletching |
| 15:44 | Construir | Lumber Camp |
| 16:16 | Construir | Watch Tower |
| 16:21 | Crear | Villager (Male) |
| 16:21 | Crear | Villager (Male) |
| 16:28 | Crear | Archer |
| 16:28 | Crear | Archer |
| 16:29 | Crear | Archer |
| 17:13 | Crear | Villager (Male) |
| 17:13 | Crear | Villager (Male) |
| 17:16 | Construir | Mining Camp |
| 17:21 | Crear | Archer |
| 17:21 | Crear | Archer |
| 17:21 | Crear | Archer |
| 17:21 | Crear | Archer |
| 17:35 | Construir | Building 487 |
| 17:45 | Crear | Archer |
| 17:45 | Crear | Archer |
| 17:45 | Crear | Archer |
| 17:59 | Construir | House |
| 18:20 | Crear | Archer |
| 18:20 | Crear | Archer |
| 18:25 | Construir | Archery Range |
| 18:43 | Construir | House |
| 18:44 | Crear | Villager (Male) |
| 18:44 | Crear | Villager (Male) |
| 18:54 | Crear | Archer |
| 18:54 | Crear | Archer |
| 19:06 | Construir | Building 487 |
| 19:08 | Crear | Villager (Male) |
| 19:09 | Crear | Villager (Male) |
| 19:23 | Crear | Archer |
| 19:23 | Crear | Archer |
| 19:24 | Crear | Archer |
| 21:00 | Crear | Archer |
| 21:00 | Crear | Archer |
| 21:00 | Crear | Archer |
| 21:01 | Crear | Archer |
| 21:01 | Crear | Archer |
| 21:11 | Crear | Villager (Male) |
| 21:17 | Crear | Archer |
| 21:17 | Crear | Archer |
| 21:18 | Crear | Archer |
| 21:28 | Construir | Watch Tower |
| 21:45 | Construir | House |
| 22:11 | Construir | Lumber Camp |
| 22:21 | Crear | Archer |
| 22:21 | Crear | Archer |
| 22:21 | Crear | Archer |
| 22:29 | Construir | Mill |
| 22:30 | Construir | Farm |
| 22:30 | Construir | Farm |
| 22:30 | Construir | Farm |
| 22:31 | Construir | Farm |
| 22:31 | Construir | Farm |
| 22:31 | Construir | Farm |
| 22:31 | Construir | Farm |
| 22:32 | Construir | Farm |
| 22:32 | Construir | Farm |
| 22:40 | Crear | Archer |
| 22:54 | Construir | Farm |
| 23:00 | Construir | Farm |
| 23:00 | Construir | Farm |
| 23:31 | Crear | Villager (Male) |
| 24:01 | Crear | Archer |
| 24:02 | Crear | Archer |
| 24:02 | Crear | Archer |
| 24:38 | Crear | Villager (Male) |
| 24:47 | Construir | House |
| 24:48 | Construir | House |
Build order — HUGO BOSS
111 acciones detectadas en el replay
| 0:02 | Construir | House |
| 0:04 | Construir | House |
| 0:04 | Crear | Villager (Male) |
| 0:04 | Crear | Villager (Male) |
| 0:04 | Crear | Villager (Male) |
| 0:16 | Crear | Militia |
| 1:26 | Crear | Villager (Male) |
| 1:58 | Construir | Lumber Camp |
| 2:00 | Crear | Villager (Male) |
| 2:21 | Crear | Villager (Male) |
| 2:56 | Crear | Villager (Male) |
| 3:00 | Crear | Villager (Male) |
| 3:03 | Construir | House |
| 3:05 | Construir | House |
| 3:35 | Crear | Villager (Male) |
| 3:56 | Crear | Villager (Male) |
| 4:20 | Crear | Villager (Male) |
| 4:41 | Construir | House |
| 4:45 | Investigar | Loom |
| 5:07 | Crear | Villager (Male) |
| 5:20 | Crear | Villager (Male) |
| 5:52 | Crear | Villager (Male) |
| 6:40 | Crear | Villager (Male) |
| 7:17 | Crear | Villager (Male) |
| 7:22 | Crear | Villager (Male) |
| 7:45 | Construir | House |
| 7:47 | Construir | Palisade Wall |
| 7:48 | Crear | Villager (Male) |
| 7:55 | Construir | Mining Camp |
| 7:56 | Crear | Villager (Male) |
| 8:36 | Crear | Villager (Male) |
| 9:12 | Construir | House |
| 9:14 | Construir | House |
| 9:48 | Investigar | Feudal Age |
| 10:19 | Construir | Palisade Wall |
| 10:26 | Construir | Palisade Wall |
| 10:51 | Construir | Barracks |
| 11:53 | Crear | Militia |
| 11:56 | Crear | Militia |
| 11:58 | Edad | Edad Feudal |
| 12:04 | Construir | Blacksmith |
| 12:13 | Construir | Mill |
| 12:18 | Crear | Villager (Male) |
| 12:19 | Crear | Villager (Male) |
| 12:26 | Construir | Lumber Camp |
| 12:29 | Investigar | Man-at-Arms (upgrade) |
| 12:32 | Crear | Militia |
| 12:36 | Construir | Farm |
| 12:36 | Construir | Farm |
| 12:36 | Construir | Farm |
| 12:36 | Construir | Farm |
| 12:36 | Construir | Farm |
| 12:37 | Construir | Farm |
| 12:37 | Construir | Farm |
| 12:37 | Construir | Farm |
| 12:37 | Construir | Farm |
| 12:37 | Construir | Farm |
| 12:45 | Crear | Villager (Male) |
| 12:54 | Construir | Farm |
| 13:04 | Construir | House |
| 13:06 | Construir | Palisade Wall |
| 13:41 | Crear | Militia |
| 13:44 | Construir | Farm |
| 13:51 | Construir | Building 490 |
| 14:16 | Construir | Building 487 |
| 14:19 | Crear | Villager (Male) |
| 14:20 | Crear | Villager (Male) |
| 14:46 | Crear | Militia |
| 14:51 | Construir | Farm |
| 14:56 | Construir | House |
| 14:58 | Construir | House |
| 15:00 | Construir | House |
| 15:05 | Construir | House |
| 15:07 | Crear | Villager (Male) |
| 15:21 | Construir | Farm |
| 15:23 | Crear | Villager (Male) |
| 15:30 | Construir | Farm |
| 15:33 | Construir | Farm |
| 15:38 | Construir | Farm |
| 15:50 | Construir | Farm |
| 15:51 | Investigar | Horse Collar |
| 16:09 | Crear | Spearman |
| 16:14 | Construir | Farm |
| 16:18 | Crear | Spearman |
| 16:20 | Crear | Spearman |
| 16:33 | Construir | Watch Tower |
| 17:11 | Investigar | Scale Mail Armor |
| 17:13 | Crear | Militia |
| 17:26 | Crear | Militia |
| 17:38 | Crear | Villager (Male) |
| 17:50 | Crear | Villager (Male) |
| 18:29 | Crear | Villager (Male) |
| 18:31 | Crear | Villager (Male) |
| 19:03 | Construir | Market |
| 19:16 | Construir | Farm |
| 19:22 | Crear | Villager (Male) |
| 19:23 | Crear | Villager (Male) |
| 19:23 | Crear | Villager (Male) |
| 19:33 | Construir | Farm |
| 19:34 | Crear | Villager (Male) |
| 19:47 | Crear | Villager (Male) |
| 20:19 | Construir | Farm |
| 20:41 | Construir | House |
| 21:03 | Crear | Spearman |
| 21:03 | Crear | Spearman |
| 21:26 | Crear | Spearman |
| 22:15 | Construir | House |
| 22:22 | Construir | House |
| 24:06 | Crear | Villager (Male) |
| 24:09 | Construir | Farm |
| 24:14 | Construir | Farm |
Build order — Martini Bianco
122 acciones detectadas en el replay
| 0:03 | Crear | Villager (Male) ×4 |
| 0:06 | Construir | House |
| 0:08 | Construir | House |
| 1:35 | Crear | Villager (Male) |
| 2:11 | Crear | Villager (Male) |
| 2:11 | Crear | Villager (Male) |
| 2:30 | Crear | Villager (Male) |
| 2:45 | Crear | Villager (Male) |
| 3:24 | Crear | Villager (Male) |
| 3:39 | Construir | House |
| 3:41 | Construir | House |
| 3:59 | Crear | Villager (Male) |
| 4:04 | Construir | Lumber Camp |
| 4:12 | Crear | Villager (Male) |
| 4:21 | Crear | Villager (Male) |
| 4:31 | Crear | Villager (Male) |
| 5:15 | Crear | Villager (Male) |
| 5:18 | Investigar | Loom |
| 5:30 | Crear | Villager (Male) |
| 5:55 | Crear | Villager (Male) |
| 6:05 | Construir | Mill |
| 6:18 | Crear | Villager (Male) |
| 6:24 | Crear | Villager (Male) |
| 7:05 | Construir | Donjon |
| 7:25 | Crear | Villager (Male) |
| 7:56 | Construir | Mining Camp |
| 8:13 | Construir | House |
| 8:19 | Crear | Villager (Male) |
| 8:39 | Crear | Villager (Male) |
| 9:02 | Crear | Villager (Male) |
| 9:14 | Investigar | Feudal Age |
| 9:34 | Construir | Mining Camp |
| 9:50 | Construir | Farm |
| 9:54 | Construir | Farm |
| 10:06 | Construir | Farm |
| 11:04 | Crear | Villager (Male) |
| 11:56 | Construir | House |
| 11:58 | Construir | House |
| 11:59 | Edad | Edad Feudal |
| 12:04 | Crear | Serjeant |
| 12:04 | Crear | Serjeant |
| 12:13 | Crear | Villager (Male) |
| 12:35 | Construir | Blacksmith |
| 12:38 | Crear | Villager (Male) |
| 12:45 | Crear | Serjeant |
| 13:02 | Crear | Serjeant |
| 13:09 | Investigar | Arson |
| 13:14 | Construir | House |
| 13:19 | Crear | Villager (Male) |
| 13:41 | Crear | Serjeant |
| 13:45 | Investigar | Fletching |
| 13:51 | Construir | House |
| 13:54 | Construir | Farm |
| 14:02 | Construir | Farm |
| 14:09 | Construir | Market |
| 14:12 | Crear | Villager (Male) |
| 14:18 | Crear | Serjeant |
| 14:20 | Investigar | Scale Mail Armor |
| 14:50 | Construir | Donjon |
| 14:57 | Crear | Villager (Male) |
| 15:06 | Investigar | Forging |
| 15:10 | Construir | Farm |
| 15:15 | Construir | Farm |
| 15:16 | Construir | Farm |
| 15:33 | Crear | Villager (Male) |
| 15:45 | Construir | Donjon |
| 15:51 | Construir | Farm |
| 15:55 | Construir | House |
| 15:56 | Construir | House |
| 16:03 | Construir | Farm |
| 16:05 | Crear | Villager (Male) |
| 16:24 | Crear | Villager (Male) |
| 16:33 | Construir | Farm |
| 16:51 | Crear | Serjeant |
| 16:57 | Crear | Villager (Male) |
| 17:00 | Construir | Farm |
| 17:21 | Crear | Villager (Male) |
| 17:24 | Construir | Farm |
| 17:29 | Crear | Villager (Male) |
| 17:33 | Construir | Farm |
| 17:48 | Construir | Donjon |
| 18:02 | Crear | Villager (Male) |
| 18:04 | Construir | Farm |
| 18:32 | Crear | Serjeant |
| 18:32 | Crear | Serjeant |
| 18:34 | Crear | Villager (Male) |
| 18:55 | Construir | Donjon |
| 19:02 | Crear | Villager (Male) |
| 19:15 | Crear | Villager (Male) |
| 19:22 | Crear | Villager (Male) |
| 19:25 | Construir | Farm |
| 19:26 | Construir | Farm |
| 19:29 | Construir | Farm |
| 19:57 | Construir | Donjon |
| 20:09 | Crear | Villager (Male) |
| 20:33 | Crear | Serjeant |
| 20:33 | Crear | Serjeant |
| 20:33 | Crear | Serjeant |
| 20:34 | Crear | Serjeant |
| 20:40 | Crear | Villager (Male) |
| 20:50 | Crear | Serjeant |
| 20:51 | Crear | Serjeant |
| 21:00 | Crear | Villager (Male) |
| 21:42 | Construir | Donjon |
| 21:53 | Construir | Building 487 |
| 22:04 | Crear | Spearman |
| 22:04 | Crear | Spearman |
| 22:08 | Crear | Villager (Male) |
| 22:23 | Crear | Villager (Male) |
| 22:42 | Crear | Villager (Male) |
| 22:59 | Crear | Villager (Male) |
| 23:40 | Construir | Mining Camp |
| 23:43 | Crear | Serjeant |
| 23:43 | Crear | Serjeant |
| 23:44 | Crear | Serjeant |
| 23:46 | Crear | Serjeant |
| 23:49 | Investigar | Stone Mining |
| 23:50 | Crear | Villager (Male) |
| 23:59 | Construir | Farm |
| 24:00 | Construir | Farm |
| 24:21 | Construir | Building 490 |
| 24:38 | Crear | Villager (Male) |
Build order — harry_mason
132 acciones detectadas en el replay
| 0:04 | Crear | Villager (Male) |
| 0:04 | Crear | Villager (Male) |
| 0:05 | Crear | Villager (Male) |
| 0:05 | Crear | Villager (Male) |
| 0:07 | Construir | House |
| 0:10 | Construir | House |
| 1:28 | Crear | Villager (Male) |
| 1:28 | Crear | Villager (Male) |
| 1:54 | Construir | Lumber Camp |
| 2:22 | Crear | Villager (Male) |
| 2:22 | Crear | Villager (Male) |
| 2:23 | Crear | Villager (Male) |
| 2:23 | Crear | Villager (Male) |
| 3:03 | Crear | Villager (Male) |
| 3:27 | Crear | Villager (Male) |
| 3:44 | Crear | Villager (Male) |
| 4:10 | Construir | House |
| 4:24 | Crear | Villager (Male) |
| 4:39 | Construir | Mill |
| 4:50 | Crear | Villager (Male) |
| 4:50 | Crear | Villager (Male) |
| 4:50 | Crear | Villager (Male) |
| 5:38 | Crear | Villager (Male) |
| 5:38 | Crear | Villager (Male) |
| 6:03 | Crear | Villager (Male) |
| 6:09 | Construir | House |
| 6:29 | Crear | Villager (Male) |
| 6:51 | Crear | Villager (Male) |
| 7:02 | Construir | Mining Camp |
| 7:16 | Construir | House |
| 7:20 | Crear | Villager (Male) |
| 7:35 | Crear | Villager (Male) |
| 8:03 | Crear | Villager (Male) |
| 8:04 | Crear | Villager (Male) |
| 8:39 | Construir | Palisade Wall |
| 8:45 | Construir | Palisade Wall |
| 8:48 | Crear | Villager (Male) |
| 9:32 | Investigar | Feudal Age |
| 9:39 | Investigar | Loom |
| 9:52 | Construir | House |
| 9:59 | Construir | Palisade Wall |
| 10:23 | Construir | Palisade Wall |
| 10:32 | Construir | House |
| 10:38 | Construir | Farm |
| 10:40 | Construir | Farm |
| 10:49 | Construir | Farm |
| 11:42 | Edad | Edad Feudal |
| 11:47 | Construir | Market |
| 11:47 | Crear | Villager (Male) |
| 11:48 | Crear | Villager (Male) |
| 12:01 | Construir | Blacksmith |
| 12:33 | Construir | Mining Camp |
| 12:43 | Construir | Palisade Wall |
| 12:56 | Investigar | Castle Age |
| 12:56 | Investigar | Castle Age |
| 13:04 | Construir | House |
| 13:13 | Construir | Palisade Wall |
| 13:15 | Construir | Palisade Wall |
| 13:25 | Construir | House |
| 13:34 | Construir | Palisade Wall |
| 13:49 | Construir | Building 796 |
| 13:52 | Construir | House |
| 14:06 | Construir | Farm |
| 14:15 | Construir | Farm |
| 14:37 | Construir | Farm |
| 14:40 | Construir | Farm |
| 15:32 | Investigar | Double-Bit Axe |
| 15:35 | Investigar | Horse Collar |
| 15:38 | Edad | Edad de los Castillos |
| 15:47 | Crear | Villager (Male) |
| 15:55 | Construir | Farm |
| 15:58 | Construir | Farm |
| 16:04 | Crear | Villager (Male) |
| 16:05 | Crear | Villager (Male) |
| 16:27 | Construir | Stable |
| 16:32 | Crear | Villager (Male) |
| 16:32 | Crear | Villager (Male) |
| 16:53 | Construir | Farm |
| 17:01 | Crear | Villager (Male) |
| 17:16 | Crear | Unit 1944 |
| 17:25 | Construir | House |
| 17:32 | Crear | Villager (Male) |
| 17:32 | Crear | Villager (Male) |
| 17:32 | Crear | Villager (Male) |
| 18:09 | Construir | Castle |
| 18:18 | Crear | Villager (Male) |
| 18:22 | Crear | Unit 1944 |
| 19:04 | Crear | Villager (Male) |
| 19:38 | Crear | Villager (Male) |
| 19:46 | Crear | Unit 1944 |
| 19:46 | Crear | Unit 1944 |
| 19:49 | Construir | House |
| 19:55 | Construir | House |
| 19:58 | Construir | House |
| 20:15 | Crear | Villager (Male) |
| 20:19 | Construir | House |
| 20:31 | Construir | Castle |
| 20:40 | Construir | House |
| 20:42 | Construir | House |
| 20:46 | Construir | Palisade Wall |
| 20:54 | Construir | House |
| 21:01 | Crear | Villager (Male) |
| 21:01 | Crear | Villager (Male) |
| 21:14 | Construir | Town Center |
| 21:18 | Construir | House |
| 21:57 | Crear | Unit 1968 |
| 22:07 | Construir | Lumber Camp |
| 22:08 | Crear | Villager (Male) |
| 22:08 | Crear | Villager (Male) |
| 22:09 | Crear | Villager (Male) |
| 22:49 | Construir | Siege Workshop |
| 22:54 | Crear | Villager (Male) |
| 22:57 | Investigar | Bloodlines |
| 23:01 | Construir | Farm |
| 23:02 | Construir | Farm |
| 23:08 | Investigar | Wheelbarrow |
| 23:09 | Crear | Villager (Male) |
| 23:23 | Crear | Battering Ram |
| 23:31 | Construir | Farm |
| 23:33 | Crear | Villager (Male) |
| 23:41 | Crear | Unit 1968 |
| 23:52 | Crear | Villager (Male) |
| 23:53 | Crear | Villager (Male) |
| 24:01 | Construir | Farm |
| 24:05 | Construir | House |
| 24:06 | Construir | House |
| 24:07 | Construir | House |
| 24:09 | Construir | Palisade Wall |
| 24:19 | Crear | Unit 1968 |
| 24:26 | Crear | Villager (Male) |
| 24:26 | Crear | Villager (Male) |
| 24:27 | Crear | Villager (Male) |
Build order — scarabe
100 acciones detectadas en el replay
| 0:03 | Crear | Villager (Male) ×4 |
| 0:04 | Construir | House |
| 0:08 | Construir | House |
| 1:39 | Crear | Villager (Male) |
| 1:59 | Construir | Lumber Camp |
| 2:17 | Construir | House |
| 2:23 | Crear | Villager (Male) |
| 2:25 | Crear | Villager (Male) |
| 2:55 | Crear | Villager (Male) |
| 3:07 | Crear | Villager (Male) |
| 4:05 | Crear | Villager (Male) |
| 4:19 | Crear | Villager (Male) |
| 4:52 | Construir | Mill |
| 5:04 | Crear | Villager (Male) |
| 5:47 | Crear | Villager (Male) |
| 5:47 | Crear | Villager (Male) |
| 5:48 | Crear | Villager (Male) |
| 6:03 | Crear | Villager (Male) |
| 7:21 | Investigar | Loom |
| 7:41 | Construir | Mining Camp |
| 7:43 | Crear | Militia |
| 7:49 | Construir | House |
| 7:56 | Construir | Palisade Wall |
| 7:58 | Construir | Palisade Wall |
| 8:09 | Crear | Militia |
| 8:42 | Construir | Palisade Wall |
| 8:43 | Construir | Palisade Wall |
| 8:52 | Investigar | Feudal Age |
| 8:53 | Crear | Militia |
| 9:11 | Construir | House |
| 9:15 | Construir | Palisade Wall |
| 9:17 | Construir | Palisade Wall |
| 9:19 | Construir | Palisade Wall |
| 9:20 | Construir | Palisade Wall |
| 10:27 | Crear | Militia |
| 10:49 | Construir | Farm |
| 11:02 | Edad | Edad Feudal |
| 11:05 | Investigar | Man-at-Arms (upgrade) |
| 11:14 | Construir | Blacksmith |
| 11:18 | Construir | Palisade Wall |
| 11:18 | Construir | Palisade Wall |
| 11:20 | Construir | Palisade Wall |
| 11:33 | Crear | Villager (Male) |
| 11:38 | Crear | Militia |
| 11:55 | Investigar | Double-Bit Axe |
| 11:58 | Investigar | Horse Collar |
| 12:10 | Crear | Militia |
| 12:18 | Construir | Farm |
| 12:18 | Construir | Farm |
| 12:22 | Construir | Farm |
| 12:22 | Construir | Farm |
| 12:23 | Construir | Farm |
| 12:37 | Investigar | Arson |
| 12:41 | Crear | Villager (Male) |
| 12:54 | Construir | Lumber Camp |
| 14:13 | Crear | Villager (Male) |
| 14:13 | Crear | Villager (Male) |
| 14:34 | Construir | Archery Range |
| 14:41 | Construir | Farm |
| 14:46 | Construir | Farm |
| 14:52 | Crear | Villager (Male) |
| 15:41 | Crear | Archer |
| 15:48 | Investigar | Fletching |
| 15:48 | Investigar | Padded Archer Armor |
| 15:51 | Crear | Archer |
| 16:22 | Construir | House |
| 16:32 | Crear | Archer |
| 16:34 | Construir | Archery Range |
| 16:45 | Crear | Villager (Male) |
| 16:47 | Crear | Villager (Male) |
| 16:53 | Construir | House |
| 17:23 | Crear | Archer |
| 17:28 | Construir | Farm |
| 17:35 | Construir | Farm |
| 17:35 | Construir | Farm |
| 17:36 | Construir | Farm |
| 17:37 | Construir | Farm |
| 17:38 | Construir | Farm |
| 17:44 | Crear | Archer |
| 17:45 | Crear | Archer |
| 18:14 | Crear | Archer |
| 18:16 | Crear | Archer |
| 18:43 | Crear | Villager (Male) |
| 18:44 | Crear | Villager (Male) |
| 18:46 | Crear | Archer |
| 18:48 | Crear | Archer |
| 19:18 | Construir | House |
| 20:08 | Construir | Farm |
| 20:28 | Construir | House |
| 20:54 | Investigar | Castle Age |
| 20:58 | Crear | Archer |
| 20:58 | Crear | Archer |
| 21:09 | Investigar | Town Watch |
| 21:22 | Construir | Palisade Wall |
| 22:28 | Crear | Archer |
| 23:34 | Edad | Edad de los Castillos |
| 23:37 | Investigar | Crossbowman (upgrade) |
| 23:56 | Construir | Monastery |
| 23:58 | Crear | Archer ×4 |
| 24:30 | Construir | Town Center |
Build order — FerMaxcba
141 acciones detectadas en el replay
| 0:02 | Crear | Villager (Male) |
| 0:02 | Crear | Villager (Male) |
| 0:03 | Crear | Villager (Male) |
| 0:04 | Construir | House |
| 0:06 | Construir | House |
| 0:17 | Crear | Villager (Male) |
| 1:29 | Crear | Villager (Male) |
| 1:29 | Crear | Villager (Male) |
| 2:01 | Crear | Villager (Male) |
| 2:01 | Crear | Villager (Male) |
| 2:15 | Construir | Lumber Camp |
| 2:22 | Crear | Villager (Male) |
| 2:22 | Crear | Villager (Male) |
| 2:56 | Crear | Villager (Male) |
| 2:56 | Crear | Villager (Male) |
| 3:31 | Crear | Villager (Male) |
| 3:31 | Crear | Villager (Male) |
| 3:42 | Crear | Villager (Male) |
| 3:42 | Crear | Villager (Male) |
| 3:53 | Construir | House |
| 3:54 | Construir | House |
| 4:08 | Crear | Villager (Male) |
| 4:08 | Crear | Villager (Male) |
| 4:30 | Crear | Villager (Male) |
| 4:30 | Crear | Villager (Male) |
| 4:30 | Crear | Villager (Male) |
| 5:44 | Crear | Villager (Male) |
| 5:45 | Crear | Villager (Male) |
| 5:45 | Crear | Villager (Male) |
| 5:54 | Crear | Villager (Male) |
| 6:32 | Investigar | Loom |
| 7:13 | Investigar | Feudal Age |
| 7:13 | Investigar | Feudal Age |
| 7:28 | Crear | Militia |
| 7:28 | Crear | Militia |
| 7:46 | Construir | Mining Camp |
| 8:38 | Crear | Villager (Male) |
| 8:56 | Construir | House |
| 8:59 | Construir | Palisade Wall |
| 9:00 | Construir | Palisade Wall |
| 9:01 | Construir | Palisade Wall |
| 9:49 | Crear | Villager (Male) |
| 10:13 | Construir | Archery Range |
| 10:16 | Crear | Villager (Male) |
| 10:20 | Crear | Villager (Male) |
| 10:35 | Construir | Lumber Camp |
| 10:37 | Crear | Villager (Male) |
| 10:53 | Construir | Building 796 |
| 10:56 | Construir | Palisade Wall |
| 11:05 | Construir | Mill |
| 11:09 | Crear | Villager (Male) |
| 11:18 | Crear | Archer |
| 11:27 | Construir | House |
| 11:32 | Crear | Villager (Male) |
| 11:34 | Investigar | Double-Bit Axe |
| 11:40 | Crear | Archer |
| 11:49 | Construir | Palisade Wall |
| 11:54 | Construir | Palisade Wall |
| 11:58 | Crear | Villager (Male) |
| 11:59 | Crear | Archer |
| 12:00 | Crear | Spearman |
| 12:05 | Construir | House |
| 12:07 | Construir | Palisade Wall |
| 12:09 | Construir | Palisade Wall |
| 12:13 | Crear | Villager (Male) |
| 12:22 | Crear | Archer |
| 13:11 | Construir | Blacksmith |
| 13:14 | Construir | House |
| 13:37 | Crear | Archer |
| 15:14 | Crear | Archer |
| 15:35 | Construir | Watch Tower |
| 15:50 | Construir | Mining Camp |
| 16:02 | Crear | Villager (Male) |
| 16:03 | Crear | Villager (Male) |
| 16:03 | Crear | Villager (Male) |
| 16:20 | Crear | Villager (Male) |
| 16:23 | Construir | Farm |
| 16:28 | Construir | Farm |
| 16:28 | Construir | Farm |
| 16:28 | Construir | Farm |
| 16:28 | Construir | Farm |
| 16:45 | Construir | Farm |
| 16:55 | Crear | Villager (Male) |
| 17:00 | Construir | House |
| 17:04 | Construir | Farm |
| 17:17 | Crear | Archer |
| 17:22 | Crear | Villager (Male) |
| 17:26 | Construir | Farm |
| 17:43 | Construir | Farm |
| 17:46 | Construir | Farm |
| 17:53 | Construir | Mill |
| 17:59 | Crear | Villager (Male) |
| 18:03 | Crear | Archer |
| 18:04 | Crear | Archer |
| 18:07 | Crear | Spearman |
| 18:29 | Investigar | Horse Collar |
| 18:29 | Investigar | Horse Collar |
| 18:29 | Investigar | Horse Collar |
| 18:34 | Construir | Farm |
| 18:38 | Construir | Farm |
| 18:41 | Construir | Farm |
| 18:47 | Construir | House |
| 18:52 | Construir | Palisade Wall |
| 18:55 | Construir | Farm |
| 19:00 | Crear | Spearman |
| 19:03 | Crear | Archer |
| 19:04 | Crear | Archer |
| 19:09 | Crear | Villager (Male) |
| 19:16 | Construir | Palisade Wall |
| 19:20 | Crear | Villager (Male) |
| 19:27 | Construir | Palisade Wall |
| 19:32 | Crear | Villager (Male) |
| 19:34 | Crear | Archer |
| 19:47 | Investigar | Gold Mining |
| 19:58 | Crear | Villager (Male) |
| 20:48 | Investigar | Fletching |
| 20:51 | Crear | Villager (Male) |
| 21:00 | Crear | Villager (Male) |
| 21:06 | Crear | Archer |
| 21:07 | Crear | Archer |
| 21:13 | Construir | Farm |
| 21:16 | Construir | Farm |
| 21:19 | Construir | Farm |
| 21:28 | Construir | Farm |
| 21:34 | Construir | House |
| 21:40 | Construir | Palisade Wall |
| 21:50 | Crear | Archer |
| 21:50 | Crear | Villager (Male) |
| 21:52 | Crear | Villager (Male) |
| 21:57 | Construir | House |
| 22:02 | Construir | House |
| 22:49 | Crear | Villager (Male) |
| 22:55 | Construir | Farm |
| 22:57 | Construir | Farm |
| 23:02 | Construir | Farm |
| 23:06 | Construir | Farm |
| 23:11 | Construir | Farm |
| 23:25 | Crear | Villager (Male) |
| 23:35 | Construir | Mining Camp |
| 23:58 | Crear | Archer |
| 23:58 | Crear | Archer |
Cronología de la partida
| 5:40 | SpaceAgeRowBoat · wall_segment Palisade Wall x2 |
| 6:23 | SpaceAgeRowBoat · wall_segment Palisade Wall x4 |
| 7:05 | Martini Bianco · first_building Donjon |
| 7:41 | SpaceAgeRowBoat · wall_segment Palisade Wall x8 |
| 7:47 | HUGO BOSS · wall_segment Palisade Wall x7 |
| 7:56 | scarabe · wall_segment Palisade Wall x1 |
| 7:58 | scarabe · wall_segment Palisade Wall x1 |
| 8:39 | harry_mason · wall_segment Palisade Wall x7 |
| 8:42 | scarabe · wall_segment Palisade Wall x1 |
| 8:43 | scarabe · wall_segment Palisade Wall x1 |
| 8:45 | harry_mason · wall_segment Palisade Wall x7 |
| 8:59 | FerMaxcba · wall_segment Palisade Wall x1 |
| 8:59 | HellHammer · age_up feudal |
| 9:00 | FerMaxcba · wall_segment Palisade Wall x1 |
| 9:01 | HellHammer · first_building Stable |
| 9:01 | FerMaxcba · wall_segment Palisade Wall x1 |
| 9:15 | scarabe · wall_segment Palisade Wall x4 |
| 9:17 | scarabe · wall_segment Palisade Wall x2 |
| 9:19 | scarabe · wall_segment Palisade Wall x1 |
| 9:20 | scarabe · wall_segment Palisade Wall x1 |
| 9:56 | SpaceAgeRowBoat · wall_segment Palisade Wall x5 |
| 9:57 | HellHammer · wall_segment Palisade Wall x3 |
| 9:59 | harry_mason · wall_segment Palisade Wall x12 |
| 10:00 | HellHammer · wall_segment Palisade Wall x3 |
| 10:13 | FerMaxcba · first_building Archery Range |
| 10:19 | HUGO BOSS · wall_segment Palisade Wall x5 |
| 10:19 | HellHammer · wall_segment Palisade Wall x3 |
| 10:23 | harry_mason · wall_segment Palisade Wall x8 |
| 10:25 | HellHammer · wall_segment Palisade Wall x10 |
| 10:26 | HUGO BOSS · wall_segment Palisade Wall x15 |
| 10:34 | wchen111002 · wall_segment Palisade Wall x1 |
| 10:42 | wchen111002 · wall_segment Palisade Wall x1 |
| 10:51 | HUGO BOSS · first_building Barracks |
| 10:52 | HellHammer · wall_segment Palisade Wall x11 |
| 10:56 | FerMaxcba · wall_segment Palisade Wall x4 |
| 11:02 | scarabe · age_up feudal |
| 11:18 | scarabe · wall_segment Palisade Wall x1 |
| 11:18 | scarabe · wall_segment Palisade Wall x1 |
| 11:20 | scarabe · wall_segment Palisade Wall x1 |
| 11:30 | wchen111002 · wall_segment Palisade Wall x10 |
| 11:32 | SpaceAgeRowBoat · age_up feudal |
| 11:33 | wchen111002 · wall_segment Palisade Wall x3 |
| 11:35 | SpaceAgeRowBoat · first_building Archery Range |
| 11:38 | HellHammer · wall_segment Palisade Wall x9 |
| 11:42 | harry_mason · age_up feudal |
| 11:43 | wchen111002 · wall_segment Palisade Wall x6 |
| 11:47 | wchen111002 · wall_segment Palisade Wall x3 |
| 11:49 | FerMaxcba · wall_segment Palisade Wall x3 |
| 11:54 | FerMaxcba · wall_segment Palisade Wall x7 |
| 11:56 | wchen111002 · age_up feudal |
| 11:58 | HUGO BOSS · age_up feudal |
| 11:59 | Martini Bianco · age_up feudal |
| 12:02 | wchen111002 · first_building Stable |
| 12:07 | FerMaxcba · wall_segment Palisade Wall x1 |
| 12:09 | FerMaxcba · wall_segment Palisade Wall x1 |
| 12:09 | SpaceAgeRowBoat · wall_segment Palisade Wall x7 |
| 12:41 | SpaceAgeRowBoat · wall_segment Palisade Wall x3 |
| 12:43 | harry_mason · wall_segment Palisade Wall x8 |
| 13:06 | HUGO BOSS · wall_segment Palisade Wall x5 |
| 13:13 | harry_mason · wall_segment Palisade Wall x1 |
| 13:15 | harry_mason · wall_segment Palisade Wall x1 |
| 13:17 | wchen111002 · wall_segment Palisade Wall x5 |
| 13:27 | SpaceAgeRowBoat · wall_segment Palisade Wall x6 |
| 13:34 | harry_mason · wall_segment Palisade Wall x15 |
| 13:34 | wchen111002 · wall_segment Palisade Wall x12 |
| 13:55 | wchen111002 · wall_segment Palisade Wall x1 |
| 14:34 | scarabe · first_building Archery Range |
| 14:37 | SpaceAgeRowBoat · wall_segment Palisade Wall x6 |
| 15:38 | harry_mason · age_up castle |
| 15:41 | wchen111002 · wall_segment Palisade Wall x10 |
| 16:27 | harry_mason · first_building Stable |
| 16:47 | HellHammer · wall_segment Palisade Wall x6 |
| 16:54 | HellHammer · wall_segment Palisade Wall x6 |
| 17:57 | HellHammer · wall_segment Palisade Wall x9 |
| 18:09 | harry_mason · first_building Castle |
| 18:52 | FerMaxcba · wall_segment Palisade Wall x4 |
| 19:16 | FerMaxcba · wall_segment Palisade Wall x8 |
| 19:27 | FerMaxcba · wall_segment Palisade Wall x1 |
| 20:46 | harry_mason · wall_segment Palisade Wall x3 |
| 21:08 | harry_mason · first_market_sell 100 wood |
| 21:11 | harry_mason · first_market_buy 100 stone |
| 21:22 | scarabe · wall_segment Palisade Wall x1 |
| 21:40 | FerMaxcba · wall_segment Palisade Wall x6 |
| 22:18 | HellHammer · age_up castle |
| 22:49 | harry_mason · first_building Siege Workshop |
| 23:08 | wchen111002 · age_up castle |
| 23:34 | scarabe · age_up castle |
| 23:41 | HellHammer · wall_segment Palisade Wall x1 |
| 23:56 | scarabe · first_building Monastery |
| 24:09 | harry_mason · wall_segment Palisade Wall x1 |
| 24:24 | FerMaxcba · resign |
[ ANÁLISIS IA · 1 CRÉDITO ]
¿Qué pasó realmente en esta partida?
Wolo.gg analiza cada decisión: build order, eco, micro, errores típicos por bracket. Análisis personalizado por WhatsApp o Discord en 30 segundos.
Guía civ
Persas
Guía mapa
MegaRandom
Perfil
HellHammer